AoeStats
← AVUKADO10

Arabia

505679740Analyzed
1v1 RM · 23d ago on Sep 10, 2026· 40m 31s· 2 players
Game mode
Random Map
Map size
Tiny (2 player)
Population
200
Speed
Normal
Resources
Standard
Victory
Conquest
Starting age
Dark Age
Ending age
Imperial Age
RankedLock teamsTeams togetherTeam positionsShared explorationLock speedFull tech treeHidden civsTurbo modeCheats
Victory
Defeat
🇨🇦 Mongols · Canada
1019
+15
🇹🇷 Britons · Türkiye
989
-15
AVUKADO10
10:05 Feudal Age
10:47 Man-at-Arms
22:13 Castle Age
21:55 Fletching
22:06 Padded Archer Armor
25:28 Elite Skirmisher
26:41 Bodkin Arrow
34:59 Leather Archer Armor
35:33 Crossbowman
42:20 Imperial Age
Spitfire
0:32 Loom
9:32 Feudal Age
11:36 Double-Bit Axe
16:06 Scale Barding Armor
18:52 Horse Collar
22:52 Castle Age
21:38 Fletching
24:05 Bloodlines
24:11 Forging
24:25 Husbandry
25:22 Chain Barding Armor
26:35 Wheelbarrow
30:03 Iron Casting
31:25 Bodkin Arrow
34:46 Gold Mining
36:34 Gold Shaft Mining
36:45 Heavy Plow
41:20 Imperial Age
41:09 Ballistics
Connection lost

Rejoining the realm…

Still unreachable

The connection could not be restored.

Session expired

The server has moved on; the page needs a fresh start.